 Dungeon Crawl Stone Soup version 0.28-a0-1184-g53156a8862 (webtiles) character file.

Game seed: 12331106810065941119

82 ytrimaz the Insei (level 4, -1/29 HPs)
             Began as an Octopode Transmuter on Dec 17, 2021.
             Slain by a gnoll (8 damage)
             ... on level 3 of the Dungeon.
             The game lasted 00:02:00 (2437 turns).

ytrimaz the Insei (Octopode Transmuter)             Turns: 2437, Time: 00:02:00

Health: -1/29      AC:  2    Str: 15    XL:     4   Next: 43%
Magic:  5/8        EV: 19    Int: 17    God:
Gold:   110        SH:  0    Dex: 17    Spells: 3/9 levels left

rFire   . . .      SeeInvis .     - Unarmed
rCold   . . .      Faith    .   (shield currently unavailable)
rNeg    . . .      Spirit   .   (helmet currently unavailable)
rPois   x          Reflect  .   (no amulet)
rElec   .          Harm     .   f - +6 ring of strength
rCorr   .          Rampage  .   (no ring)
Will    .....                   (no ring)
Stlth   ++........              (no ring)
HPRegen 0.09/turn               (no ring)
MPRegen 0.11/turn               (no ring)
                                (no ring)
                                (no ring)

@: spider-form (expiring)
A: venomous fangs, almost no armour, (amphibious), 8 rings, tiny, (camouflage
1), (gelatinous body 1), (nimble swimmer 1), (tentacles)
a: End Transformation


You were on level 3 of the Dungeon.
You were a venomous arachnid creature.
You visited 1 branch of the dungeon, and saw 3 of its levels.

You collected 110 gold pieces.

Inventory:

Jewellery
 f - a +6 ring of strength (left front leg)
Scrolls
 c - 2 scrolls of teleportation
Potions
 a - a potion of heal wounds {unknown}
 b - a potion of ambrosia {unknown}
 d - a potion of flight {unknown}
 e - 4 potions of curing {unknown}
 g - a potion of brilliance {unknown}


   Skills:
 * Level 1.8 Fighting
 - Level 2.0 Dodging
 + Level 3.6 Unarmed Combat
 * Level 3.0 Spellcasting
 * Level 2.7 Transmutations


You had 3 spell levels left.
You knew the following spells:

 Your Spells              Type           Power      Damage    Failure   Level
a - Beastly Appendage     Tmut           22%        N/A       17%         1
b - Wereblood             Tmut           11%        N/A       22%         2
c - Spider Form           Tmut/Pois      7%         N/A       52%         3

Your spell library contained the following spells:

 Spells                   Type           Power      Damage    Failure   Level
 Ozocubu's Armour         Ice            2%         N/A       67%         3
 Ice Form                 Ice/Tmut       7%         N/A       86%         4
 Ozocubu's Refrigeration  Ice            1%         4d5       100%        7


Dungeon Overview and Level Annotations

Branches:
Dungeon (3/15)

Altars:
Uskayaw

Shops:
D:2 (


Innate Abilities, Weirdness & Mutations

You are a venomous arachnid creature.
You have poisonous fangs.
You are tiny and dextrous.
Your spellcasting is less reliable in this form.
Your armour is entirely melded.
You are incapable of wielding weapons or throwing items.
You cannot wear most types of armour.
((You are amphibious.))
You can wear up to eight rings at the same time.
((Your skin changes colour to match your surroundings (Stealth+).))
((Your rubbery body absorbs attacks. (AC +1, EV +1)))
((You are camouflaged near water. (Stealth+)))
((You have tentacles for arms and can constrict up to eight enemies at once.))


Message History

You see here a +0 helmet.
There is a stone staircase leading up here.
There is a stone staircase leading up here.
Found Urideb's Antique Weapon Emporium.
There is a fountain of clear blue water here.
You now have 110 gold pieces (gained 17).
There is an entrance to Urideb's Antique Weapon Emporium here.
There is a fountain of clear blue water here.
Done exploring.
Done exploring.
Done exploring.
Done exploring.
There is a stone staircase leading down here.
You climb downwards.
There is a stone staircase leading up here.
A gnoll comes into view. It is wielding a +0 club.
Casting: Beastly Appendage (safe; 6% risk of failure)
Confirm with . or Enter, or press ? or * to list all spells.
You don't know that spell.
Unknown command.
Unknown command.
Casting: Beastly Appendage (safe; 6% risk of failure)
Confirm with . or Enter, or press ? or * to list all spells.
The spell is extremely dangerous to miscast (30% risk of failure)!
Continue anyway?
You turn into a venomous arachnid creature.
Unknown command.
Your transformation is almost over. 3 gnolls come into view.
The gnoll shouts! x3
The gnoll hits you from afar with a +0 halberd.
The gnoll hits you with a +0 club. The gnoll closely misses you.
You hit the gnoll.
The gnoll is lightly wounded.
The gnoll hits you with a +0 flail! The gnoll closely misses you.
The gnoll misses you.
The gnoll hits you from afar with a +0 halberd!
* * * LOW HITPOINT WARNING * * *
Unknown command.
The gnoll hits you from afar with a +0 halberd!
You die...

#.# #.. .. #.#
#.# ###.# #.#
... ..#.## #<#
#.# #.... #.#
#.# ....
#.######.####g.#
#...........#g.#
########.##.#g.#
#.#..sg.#
#............
###.....#####
##.#..# #.#..#
#.#..# .....# .#
...


You could see 4 gnolls.

Vanquished Creatures
  A bullfrog skeleton (D:2)
  An adder (D:2)
  A dart slug (D:1)
  7 endoplasms
  A giant cockroach (D:1)
  2 goblins (D:1)
  A hobgoblin (D:1)
  3 jackals (D:1)
  6 quokkas
  6 ball pythons (D:1)
  2 bats (D:1)
  7 frilled lizards
  4 rats (D:1)
42 creatures vanquished.

Notes
Turn   | Place    | Note
-------+----------+-------------------------------------------
     0 | D:1      | ytrimaz the Octopode Transmuter began the quest for the
                  | Orb.
     0 | D:1      | Reached XP level 1. HP: 13/13 MP: 3/3
   250 | D:1      | Reached XP level 2. HP: 16/18 MP: 1/5
   547 | D:1      | Learned a level 2 spell: Wereblood
   767 | D:1      | Reached XP level 3. HP: 22/23 MP: 4/6
   778 | D:1      | Learned a level 3 spell: Spider Form
  1449 | D:2      | Reached XP level 4. HP: 20/29 MP: 6/8
  1662 | D:2      | Found a hide-covered altar of Uskayaw.
  2294 | D:2      | Found Urideb's Antique Weapon Emporium.
  2437 | D:3      | Slain by a gnoll

Illustrated notes

Levels and vault maps discovered:
D:1:      elethiomel_arrival_fortress_basement, layout_loops_ring
D:2:      layout_loops_ring, serial_shops, shop_fountains, basic_altar
D:3:      layout_loops_ring, mainiacjoe_overflow_brackets,
          mainiacjoe_overflow_big_doors, dreamdust_ecumenical_altar_grove,
          serial_shops, nicolae_shop_window_shopping,
          kennysheep_decorative_pillar, uniq_terence

Skill      XL: |  1  2  3  4 |
---------------+-------------+-----
Spellcasting   | 3 |  3.0
Fighting       | |  1.8
Dodging        | |  2.0
Unarmed Combat | |  3.6
Transmutations | |  2.7

Action                   |  1- 3 |  4- 6 || total
-------------------------+-------+-------++-------
Melee: Unarmed           |    58 |    15 ||    73
       Kick              |    12 |     2 ||    14
       Tentacles         |    14 |       ||    14
       Constrict         |    13 |     3 ||    16
 Cast: Beastly Appendage |    14 |     5 ||    19
       Spider Form       |       |     2 ||     2
  Use: Scroll            |     4 |       ||     4
 Stab: Sleeping          |     8 |     1 ||     9
Armor: Skin              |     3 |     2 ||     5
Dodge: Dodged            |    38 |    11 ||    49

Table legend: (Time is in decaauts)
 A = Elapsed time spent in this place.
 B = Non-inter-level travel time spent in this place.
 C = Inter-level travel time spent in this place.
 D = Time resting spent in this place.
 E = Time spent auto-exploring this place.
 F = Levels seen in this place.
 G = Mean time per level.
                   A        B        C        D        E       F      G
               +--------+--------+--------+--------+--------+-----+--------+
         Total |   2431 |   2352 |     79 |      7 |   2015 |   3 |  810.3 |
       Dungeon |   2431 |   2352 |     79 |      7 |   2015 |   3 |  810.3 |
               +--------+--------+--------+--------+--------+-----+--------+

Top non-repeatable levels by time:
     D:1: 1414 daAuts
     D:2: 998 daAuts
     D:3: 18 daAuts
